Map: Sludge City

Players

Teliad

  • Race: Terran Terran
  • Spawn Location: 9:00

Opfergoat

  • Race: Terran Terran
  • Spawn Location: 11:00

JohnMcClane

  • Race: Protoss Protoss
  • League: Gold
  • Spawn Location: 5:00

Hindulaatti

  • Race: Zerg Zerg
  • Spawn Location: 5:00

VOD

Have the link to the VOD?

Description

Time

  • Played on: Feb. 4, 2016, 2:32 p.m.
  • Length: 16:06
Show
View Real Time Build Order
Export as new Build Order

Teliad Terran 

Build Orders: Command Center First (CC), Bio Mine 

Get SALT Encoding   

  12  0:01  SCV  
  13  0:13  SCV  
  14  0:20  Supply Depot  
  14  0:25  SCV  
  15  0:42  SCV  
  16  0:58  Command Center  
  16  1:01  SCV  
  17  1:13  SCV  
  18  1:19  Barracks  
  18  1:28  SCV  
  19  1:40  SCV  
  20  1:58  SCV  
  21  2:08  Marine  
  22  2:14  Orbital Command, Supply Depot  
  22  2:17  Orbital Command  
  22  2:27  Barracks  
  22  2:28  Barracks  
  22  2:33  Marine  
  23  2:41  SCV  
  24  2:55  Refinery  
  24  2:56  Refinery  
  24  3:00  Marine  
  24  3:02  SCV x2  
  27  3:14  SCV x2  
  27  3:19  Bunker  
  29  3:23  Marine x2  
  29  3:26  SCV x2  
  33  3:29  Barracks Tech Lab  
  33  3:30  Engineering Bay  
  33  3:38  SCV x2  
  33  3:41  Marine x2  
  37  3:49  Stimpack  
  37  3:50  Marine, SCV  
  37  3:52  SCV  
  37  3:53  Supply Depot  
  40  3:58  Missile Turret  
  40  3:59  Marine  
  40  4:01  Refinery  
  40  4:02  Refinery, SCV  
  42  4:04  Marine, SCV  
  42  4:08  Marine  
  45  4:14  SCV  
  45  4:15  Factory  
  45  4:16  SCV  
  47  4:26  SCV  
  47  4:27  Missile Turret  
  47  4:28  SCV  
  49  4:31  Supply Depot, Barracks Reactor  
  49  4:32  Supply Depot  
  49  4:33  Marine x2  
  51  4:38  SCV  
  51  4:40  SCV  
  53  4:50  SCV  
  54  4:53  Marine x2, SCV  
  54  4:59  Factory Reactor  
  57  5:02  Starport  
  57  5:10  Marine x2  
  58  5:24  SCV x2  
  58  5:25  Terran Infantry Weapons Level 1  
  60  5:28  Supply Depot  
  60  5:34  Engineering Bay  
  60  5:37  Armory  
  60  5:40  Marine  
  60  5:41  Marauder, Marine x2  
  60  5:42  Barracks  
  65  5:43  Barracks  
  65  5:46  SCV x2  
  67  5:56  Supply Depot  
  67  6:00  Medivac, Supply Depot  
  67  6:01  Medivac, Factory Reactor  
  67  6:03  SCV x2  
  73  6:06  Command Center  
  73  6:10  Terran Infantry Armor Level 1  
  73  6:11  Combat Shields  
  73  6:16  Marauder, Marine x2  
  73  6:17  Marine  
  78  6:30  Medivac  
  78  6:31  Medivac  
  82  6:37  Missile Turret  
  81  6:55  Marauder  
  81  6:56  Barracks Tech Lab, Barracks Reactor  
  81  6:59  Widow Mine  
  81  7:00  Medivac, Widow Mine  
  81  7:01  Medivac, Marine x2  
  91  7:02  Marine  
  94  7:22  Marauder  
  94  7:27  Marine  
  94  7:35  Terran Infantry Weapons Level 2  
  94  7:37  Command Center  
  94  7:48  Supply Depot  
  94  7:50  Supply Depot  
  94  7:52  Supply Depot  
  94  8:09  Marine x4  
  94  8:10  Medivac, Marauder  
  94  8:11  Medivac, Widow Mine, Marine  
  94  8:12  Marauder  
  109  8:13  Widow Mine  
  111  8:24  Terran Infantry Armor Level 2  
  111  8:27  Marine x4  
  111  8:31  Marauder  
  117  8:42  Marine  
  118  8:48  Widow Mine x2  
  118  8:49  Medivac x2, Marauder, Marine x2  
  118  8:50  Supply Depot  
  118  8:53  Marauder  
  132  9:00  Factory  
  131  9:11  Marauder  
  131  9:13  Supply Depot  
  131  9:14  Marauder  
  135  9:17  Widow Mine  
  135  9:21  Widow Mine  
  139  9:38  Supply Depot  
  127  9:45  Widow Mine  
  108  10:02  Concussive Shells  
  108  10:03  Missile Turret  
  108  10:07  Missile Turret  
  108  10:08  Missile Turret, Planetary Fortress  
  108  10:09  Barracks  
  108  10:11  Refinery, Barracks  
  108  10:12  Barracks  
  108  10:13  Refinery  
  108  10:22  Factory Tech Lab  
  108  10:23  Widow Mine x2  
  112  10:29  Terran Infantry Weapons Level 3  
  112  10:31  SCV x2  
  114  10:37  Supply Depot x2  
  114  10:39  Supply Depot  
  114  10:41  Missile Turret  
  114  10:51  Widow Mine  
  116  10:57  Marauder x2, Barracks Tech Lab  
  116  10:58  Barracks Tech Lab  
  116  10:59  Barracks Reactor  
  116  11:01  Marine x4  
  116  11:02  Medivac, Marine  
  116  11:03  Widow Mine  
  127  11:14  SCV x2  
  127  11:17  Marauder  
  127  11:18  Marauder x2  
  135  11:19  Marauder, Marine  
  138  11:35  Drilling Claws  
  138  11:39  Command Center  
  140  11:40  Marauder x2  
  141  12:29  Marauder x4  
  138  12:30  Marine x5  
  138  12:31  Marine  
  138  12:32  Marine  
  145  12:50  Marauder x2  
  145  12:51  Marauder x2  
  134  12:55  Marine x5  
  134  12:56  Marine x2  
  121  13:11  Marine x3  
  121  13:12  Marine  
  125  13:13  Marine  
  125  13:19  Widow Mine x3  
  132  13:29  Marauder  
  132  13:30  Marauder x3  
  140  13:43  Ghost Academy  
  140  14:06  Marauder x4, Marine x2  
  140  14:07  Marine x5  
  155  14:10  Medivac x2  
  155  14:11  Planetary Fortress  
  155  14:15  Missile Turret  
  159  14:24  Marine  
  159  14:27  Marauder  
  162  14:36  Missile Turret  
  156  14:49  Marauder x3, Marine  
  156  14:50  Marauder, Marine x3  
  166  14:58  Missile Turret  
  166  14:59  Widow Mine x2  
  166  15:20  Refinery  
Show
View Real Time Build Order
Export as new Build Order

Opfergoat Terran 

Build Orders: Command Center First (CC), MMM Bio 

Get SALT Encoding   

  12  0:01  SCV  
  13  0:13  SCV  
  14  0:18  Supply Depot  
  14  0:25  SCV  
  15  0:39  SCV  
  16  0:51  SCV  
  17  1:01  Command Center  
  17  1:05  SCV  
  18  1:16  Barracks  
  18  1:24  Refinery  
  18  1:25  SCV  
  19  1:37  SCV  
  20  1:49  SCV  
  21  2:02  Orbital Command  
  21  2:03  Marine  
  21  2:06  Supply Depot  
  22  2:18  Orbital Command  
  22  2:27  Factory  
  22  2:28  Marine  
  23  2:30  SCV  
  24  2:42  SCV, Barracks  
  25  2:46  SCV  
  26  2:53  Marine  
  26  2:55  SCV  
  28  3:05  Engineering Bay  
  28  3:07  SCV  
  28  3:11  Starport  
  29  3:13  Refinery, SCV  
  29  3:19  SCV  
  31  3:21  Supply Depot  
  31  3:22  Barracks Tech Lab  
  31  3:25  SCV  
  32  3:31  Barracks  
  32  3:34  Barracks Reactor  
  32  3:40  Refinery, SCV x2  
  34  3:47  Supply Depot  
  34  3:51  Starport Reactor  
  34  3:52  SCV  
  34  3:53  SCV  
  36  3:57  Marine  
  37  4:07  SCV x2  
  39  4:10  Stimpack  
  39  4:13  Marine x2  
  41  4:17  Supply Depot  
  41  4:19  Barracks Reactor, SCV x2  
  41  4:20  Marine  
  41  4:23  Terran Infantry Weapons Level 1  
  45  4:31  SCV x2  
  45  4:32  Marine x2  
  48  4:41  Command Center  
  48  4:42  Marauder  
  48  4:43  SCV x2  
  48  4:45  Supply Depot  
  52  4:54  Marine x2  
  52  4:55  Marine x2, SCV x2  
  52  4:56  Medivac  
  52  4:57  Medivac  
  62  5:03  Supply Depot  
  62  5:09  Marine  
  62  5:12  Marine x2  
  65  5:14  Supply Depot  
  65  5:18  SCV, Barracks  
  65  5:19  SCV  
  65  5:20  Barracks  
  67  5:30  Marine, SCV  
  67  5:31  Marauder, SCV  
  67  5:35  Marine x3  
  74  5:46  Medivac x2  
  74  5:48  Marine  
  73  5:51  Supply Depot, SCV x2  
  75  6:05  Marine x2  
  75  6:06  Barracks Tech Lab, Marine  
  75  6:10  Combat Shields, Barracks Reactor  
  78  6:11  Orbital Command  
  78  6:12  Marine, SCV x2  
  78  6:14  Marauder  
  78  6:17  Terran Infantry Armor Level 1  
  83  6:18  Supply Depot  
  83  6:19  Supply Depot  
  83  6:20  Medivac  
  83  6:21  Medivac  
  83  6:24  Marine x3  
  92  6:25  Marauder  
  92  6:29  Orbital Command  
  92  6:36  Marine  
  92  6:37  Missile Turret  
  92  6:38  Marauder, Missile Turret  
  95  6:41  SCV x2  
  95  6:45  Supply Depot  
  95  6:46  Supply Depot  
  97  6:53  SCV  
  84  7:15  Marine x3  
  77  7:16  Marine x3  
  77  7:17  Marauder x2  
  81  7:28  Medivac x2  
  78  7:35  Engineering Bay  
  78  7:41  Marine  
  78  7:42  Marine x5  
  78  7:44  SCV  
  85  7:52  Marauder  
  85  7:53  Marauder  
  85  7:56  SCV x3  
  92  8:02  Concussive Shells  
  92  8:03  Marine x4  
  92  8:04  Armory  
  96  8:08  SCV x2  
  96  8:10  Supply Depot  
  96  8:11  SCV  
  99  8:13  Supply Depot, Marine x2  
  99  8:15  Marauder  
  103  8:20  SCV x2  
  103  8:23  Marine x4, SCV  
  110  8:33  Command Center  
  110  8:34  Marine  
  110  8:35  Marauder, Marine  
  110  8:36  Medivac x2  
  110  8:37  Supply Depot  
  110  8:41  Marine  
  119  8:42  Marauder  
  104  8:58  Marine x3  
  104  8:59  Marauder  
  107  9:14  Marine x4  
  111  9:18  Terran Infantry Weapons Level 2  
  111  9:20  Marauder  
  111  9:21  Missile Turret  
  109  9:26  Marine x3  
  109  9:33  Marauder  
  109  9:34  Marine  
  109  9:35  Medivac, Marine x2  
  109  9:36  Medivac  
  116  9:41  Marine  
  116  9:44  Marine  
  116  9:52  SCV x2  
  118  9:53  SCV  
  118  9:56  Refinery  
  119  10:02  Marine x4  
  119  10:03  Marauder x2, Marine x2  
  129  10:09  Barracks  
  129  10:10  Barracks  
  129  10:11  Barracks  
  129  10:17  Medivac x2  
  133  10:25  Marauder  
  135  10:31  Planetary Fortress  
  111  10:54  Terran Infantry Armor Level 2  
  111  10:56  SCV x2  
  113  10:57  Missile Turret  
  113  10:59  Refinery  
  113  11:00  Missile Turret  
  113  11:02  Missile Turret  
  113  11:04  Supply Depot  
  113  11:05  Supply Depot  
  113  11:10  Marine x6  
  119  11:12  Barracks Tech Lab x3  
  119  11:13  Marauder x2  
  123  11:24  Medivac x2  
  127  11:27  Marine  
  102  11:47  Marine  
  102  11:48  Marine x5  
  102  11:49  Marauder x2, Marine x2  
  102  11:50  Marauder  
  106  11:57  Medivac x2  
  110  12:05  Marine x2  
  110  12:06  Command Center, Marine x4  
  110  12:07  Marauder, Marine  
  119  12:10  Command Center, Marine, Marauder  
  119  12:11  Marauder, Command Center  
  114  12:22  Terran Infantry Weapons Level 3  
  114  12:23  Marine x2  
  114  12:24  Marine x4  
  114  12:25  Marauder  
  114  12:28  Marauder, Marine  
  125  12:31  Medivac x2  
  125  12:32  Marauder, Marine  
  132  12:41  Marine x2  
  132  12:42  Marine x4  
  138  12:46  Marauder x2  
  131  13:17  Marine  
  131  13:18  Marauder x2, Marine x5  
  131  13:19  Marauder x3  
  147  13:20  Terran Infantry Armor Level 3  
  147  13:23  Medivac x2  
  147  13:25  Orbital Command x2  
  148  13:35  Marine x2  
  148  13:36  Marine x2  
  148  13:40  Marauder x2  
  146  13:46  Marine x4  
  132  14:04  Marine x3  
  132  14:05  Marine  
  132  14:08  Marine x3  
  132  14:09  Marauder x2, Marine x2  
  131  14:22  Marine x4  
  137  14:27  Marauder x3  
  137  14:28  Marine x2  
  137  14:30  Marine  
  137  14:31  Marauder  
  142  14:40  Marine x4  
  139  14:46  Marine x2  
  139  14:48  Marauder  
  139  14:49  Marauder  
  143  15:00  Marine x4  
  143  15:01  Marauder x2, Marine  
  143  15:04  Marine x2  
  154  15:10  Marauder x2  
  158  15:14  Planetary Fortress  
  158  15:18  Marine x4  
  158  15:19  Marauder  
  164  15:22  Marauder x2, Marine x2  
  164  15:23  Missile Turret  
  170  15:33  Marine x2  
  164  15:35  Marine x2  
  164  15:39  Marine x2  
  164  15:40  Marauder, Marine  
  171  15:47  Missile Turret  
  171  15:49  Missile Turret  
  171  15:50  Missile Turret  
Show
View Real Time Build Order
Export as new Build Order

JohnMcClane Protoss 

Build Orders:  

Get SALT Encoding   

  12  0:02  Probe (Chrono Boost)  
  13  0:12  Probe (Chrono Boost)  
  14  0:18  Pylon  
  14  0:24  Probe (Chrono Boost)  
  15  0:36  Probe (Chrono Boost)  
  15  0:38  Gateway  
  16  0:47  Probe (Chrono Boost)  
  17  0:53  Assimilator  
  17  0:57  Probe (Chrono Boost)  
  18  1:08  Assimilator, Probe (Chrono Boost)  
  19  1:18  Probe (Chrono Boost)  
  20  1:29  Probe (Chrono Boost)  
  20  1:32  Cybernetics Core  
  22  1:40  Probe (Chrono Boost)  
  22  1:50  Probe (Chrono Boost)  
  23  2:07  Pylon  
  23  2:12  Nexus  
  23  2:15  Pylon  
  23  2:23  Pylon  
  23  2:26  Probe (Chrono Boost)  
  24  2:42  Probe (Chrono Boost)  
  24  2:44  Warp Gate (Chrono Boost)  
  25  2:55  Mothership Core  
  25  2:57  Adept  
  29  3:02  Gateway  
  28  3:16  Probe  
  29  3:22  Nexus  
  29  3:29  Gateway  
  29  3:37  Probe  
  29  3:38  Probe  
  31  3:48  Probe  
  31  3:49  Probe  
  33  3:59  Probe  
  33  4:01  Probe  
  35  4:09  Probe  
  35  4:14  Probe  
  35  4:15  Pylon  
  37  4:18  Forge  
  37  4:20  Probe  
  37  4:23  Gateway  
  38  4:27  Robotics Facility  
  38  4:35  Probe  
  38  4:37  Probe  
  40  4:51  Probe  
  40  4:52  Probe  
  42  4:56  Assimilator  
  42  4:58  Assimilator  
  42  5:17  Warp Prism (Chrono Boost)  
  42  5:21  Pylon  
  42  5:25  Protoss Ground Weapons Level 1 (Chrono Boost)  
  42  5:30  Zealot x3, Sentry  
  42  5:33  Assimilator  
  50  5:38  Photon Cannon  
  50  5:46  Pylon  
  50  5:50  Robotics Bay  
  50  5:59  Robotics Facility  
  50  6:00  Pylon  
  50  6:03  Zealot x3  
  50  6:04  Pylon, Zealot  
  58  6:05  Probe  
  58  6:06  Probe  
  58  6:11  Pylon  
  60  6:15  Pylon, Probe  
  60  6:16  Probe, Immortal  
  62  6:48  Adept x4  
  66  7:19  Disruptor  
  66  7:22  Stalker x4  
  68  7:24  Disruptor  
  68  7:28  Probe  
  72  7:30  Probe x2  
  72  7:33  Assimilator  
  72  7:35  Photon Cannon  
  75  7:39  Probe  
  75  7:40  Colossus  
  75  7:41  Gateway  
  75  7:43  Gateway  
  76  7:46  Gateway  
  76  7:50  Disruptor  
  76  7:51  Photon Cannon  
  76  7:54  Protoss Ground Armor Level 1 (Chrono Boost)  
  76  7:57  Twilight Council, Pylon  
  77  8:15  Photon Cannon  
  77  8:21  Disruptor x2  
  83  8:27  Zealot  
  83  8:28  Zealot x3  
  91  9:06  Zealot x2  
  91  9:07  Zealot x2  
  97  9:34  Nexus  
  97  9:35  Pylon  
  97  9:38  Pylon  
  97  9:42  Assimilator  
  91  9:48  Protoss Ground Weapons Level 2 (Chrono Boost)  
  81  9:54  Zealot x4  
  81  9:59  Charge (Chrono Boost)  
  89  10:06  Forge, Disruptor  
  92  10:11  Stalker  
  92  10:12  Stalker x2  
  98  10:18  Observer  
  99  10:35  Probe  
  99  10:36  Probe x2  
  99  10:40  Photon Cannon  
  102  10:43  Gateway  
  102  10:44  Gateway, Zealot x7  
  116  10:50  Pylon  
  116  11:00  Protoss Ground Armor Level 2 (Chrono Boost)  
  116  11:01  Pylon  
  116  11:03  Immortal x2  
  124  11:06  Probe x2  
  124  11:08  Probe  
  126  11:26  Templar Archives  
  126  11:28  Blink  
  126  11:34  Assimilator  
  126  11:40  Zealot x3  
  126  11:41  Zealot  
  134  11:53  Zealot x5, Protoss Ground Weapons Level 3 (Chrono Boost)  
  98  12:33  Zealot x6  
  98  12:34  Zealot  
  81  13:03  Protoss Ground Armor Level 3 (Chrono Boost)  
  67  13:12  Psionic Storm  
  54  13:13  Zealot x3  
  54  13:14  High Templar x3, Zealot x2  
  54  13:15  High Templar  
  72  13:32  Archon  
  72  13:33  Archon  
  66  13:36  Zealot x4  
  66  13:37  Zealot  
  66  13:54  High Templar x4  
  56  14:01  Archon  
  56  14:02  Archon  
  54  14:03  Zealot x2  
  44  14:18  Gateway x2  
  44  14:20  Gateway  
  44  14:31  High Templar x5  
  51  14:35  Archon  
  51  14:36  Archon  
  53  14:52  Observer x2  
  55  15:04  Nexus  
  55  15:08  Dark Shrine  
  55  15:14  Pylon  
  55  15:17  High Templar  
  55  15:18  High Templar x7, Assimilator  
  71  15:22  Archon  
Show
View Real Time Build Order
Export as new Build Order

Hindulaatti Zerg 

Build Orders: Hatch First, Muta Ling Bane 

Get SALT Encoding   

  12  0:01  Drone  
  13  0:09  Drone  
  14  0:18  Drone, Extractor  
  15  0:39  Hatchery  
  14  0:55  Spawning Pool  
  14  0:56  Extractor  
  12  0:58  Drone  
  12  1:02  Drone  
  15  1:08  Overlord  
  15  1:27  Drone x2  
  17  1:40  Hatchery  
  16  1:50  Queen  
  18  2:03  Queen  
  20  2:08  Drone  
  20  2:11  Drone  
  20  2:15  Drone  
  23  2:17  Drone  
  23  2:20  Drone  
  26  2:22  Drone  
  26  2:26  Drone  
  26  2:29  Drone  
  28  2:42  Overlord  
  28  2:46  Extractor  
  27  2:52  Overlord, Queen  
  27  2:58  Queen  
  31  3:00  Queen  
  31  3:01  Overlord  
  33  3:14  Extractor  
  33  3:19  Drone  
  33  3:20  Drone x8  
  33  3:24  Overlord  
  41  3:34  Drone  
  41  3:35  Drone  
  43  3:42  Zergling x2  
  43  3:43  Zergling x12  
  43  3:47  Drone  
  43  3:48  Drone x3  
  54  4:00  Metabolic Boost  
  54  4:02  Overlord x2  
  54  4:03  Drone x3  
  54  4:07  Spore Crawler  
  56  4:10  Drone x2  
  58  4:25  Drone  
  58  4:26  Drone x10  
  69  4:33  Overlord  
  69  4:52  Lair  
  69  4:55  Baneling Nest  
  69  4:58  Drone x6  
  69  4:59  Drone x8  
  82  5:02  Extractor  
  82  5:03  Extractor  
  82  5:04  Spine Crawler  
  82  5:05  Spine Crawler  
  77  5:11  Zergling x2  
  77  5:12  Zergling x4  
  80  5:28  Roach Warren, Extractor  
  80  5:30  Extractor  
  80  5:33  Evolution Chamber x2  
  75  6:07  Zerg Ground Armor Level 1, Zerg Melee Weapons Level 1  
  75  6:08  Hatchery  
  75  6:10  Centrifical Hooks  
  74  6:13  Infestation Pit  
  74  6:17  Overlord x6  
  74  6:18  Overlord x3, Overseer x2  
  73  6:23  Glial Reconstitution  
  73  6:29  Baneling x2, Spire  
  73  6:30  Baneling  
  73  6:31  Baneling  
  70  6:57  Queen  
  67  7:12  Zergling x2  
  67  7:13  Zergling x34  
  85  7:25  Queen  
  85  7:34  Drone x3  
  88  7:39  Drone x2  
  88  7:43  Mutalisk x8  
  102  7:46  Overseer  
  102  7:48  Extractor  
  102  7:50  Extractor  
  104  7:58  Baneling x5  
  104  7:59  Baneling  
  101  8:22  Mutalisk  
  101  8:23  Mutalisk x4  
  111  8:30  Baneling  
  111  8:31  Baneling x6  
  86  8:58  Zergling x26  
  86  8:59  Zergling x14  
  90  9:17  Zergling x2  
  90  9:18  Zergling x8  
  90  9:23  Mutalisk  
  96  9:31  Baneling  
  96  9:32  Baneling x21  
  96  9:36  Hatchery  
  93  9:42  Zergling x2  
  93  9:43  Zergling x8  
  93  9:45  Zerg Ground Armor Level 2, Zerg Melee Weapons Level 2, Hive  
  84  10:00  Mutalisk  
  84  10:01  Mutalisk x2  
  89  10:10  Mutalisk  
  89  10:13  Zergling x2  
  89  10:14  Zergling x18  
  101  10:23  Extractor  
  101  10:26  Baneling x2  
  101  10:27  Baneling x6  
  99  10:32  Mutalisk x2  
  83  10:51  Zergling x20  
  83  10:52  Zergling x12  
  99  10:58  Adrenal Glands  
  99  11:00  Pathogen Glands  
  99  11:01  Zerg Flyer Weapons Level 1  
  99  11:13  Drone  
  99  11:14  Drone x4  
  104  11:19  Baneling  
  104  11:20  Baneling x16  
  104  11:21  Baneling  
  104  11:22  Zergling x4  
  104  11:25  Overlord x5  
  87  11:52  Mutalisk x6  
  97  11:55  Baneling  
  97  11:56  Baneling  
  97  11:57  Baneling  
  90  12:16  Mutalisk x3  
  90  12:20  Drone x2  
  90  12:21  Drone x7  
  105  12:31  Zergling x2  
  105  12:32  Zergling x14  
  113  12:40  Hatchery  
  113  12:42  Zergling x2  
  113  12:43  Zergling x6  
  95  13:12  Baneling x4  
  95  13:13  Zergling x2, Baneling x4  
  95  13:14  Zergling x18  
  95  13:16  Baneling  
  95  13:17  Baneling x9  
  95  13:19  Extractor  
  104  13:21  Mutalisk  
  104  13:22  Mutalisk x4  
  114  13:29  Ultralisk Cavern  
  106  13:48  Zergling x18  
  89  14:10  Zergling x18  
  89  14:16  Baneling  
  96  14:17  Baneling x15  
  96  14:18  Baneling x2  
  96  14:30  Zergling x28  
  96  14:31  Zergling x4  
  111  14:44  Zergling x2  
  111  14:45  Zergling x16  
  110  14:48  Zergling x2  
  110  14:49  Zergling x2  
  99  15:00  Drone  
  99  15:06  Ultralisk x2  
  112  15:24  Ultralisk  
  111  15:42  Zergling x6  
Tags
 
Add a new tag
Caveats
  • Supply blocks, unpowered buildings, or Contaminate may cause inaccurate times.
  • Supply counts are checked every 10 seconds.